 Dungeon Crawl Stone Soup version 0.29-a0-717-g6dac4ea423 (webtiles) character file.

Game seed: 4188070158311965773

980 avis the Slasher (level 7, 0/63 HPs)
             Began as a Demigod Gladiator on June 26, 2022.
             Slain by an orc
             ... wielding a +0 hand axe
              (4 damage)
             ... on level 5 of the Dungeon.
             The game lasted 00:29:25 (5972 turns).

avis the Slasher (Demigod Gladiator)                Turns: 5972, Time: 00:29:26

Health: 0/63       AC:  3    Str: 15    XL:     7   Next: 64%
Magic:  9/9        EV: 18    Int: 10    God:
Gold:   59         SH:  0    Dex: 23    Spells: 6/6 levels left

rFire   . . .      SeeInvis .   a - +2 long sword (holy)
rCold   . . .      Faith    .   (no shield)
rNeg    . . .      Spirit   .   J - +0 robe of Fedhas's Hope {Regen+}
rPois   .          Reflect  .   c - +0 helmet
rElec   .          Harm     .   (no cloak)
rCorr   .          Rampage  .   (no gloves)
Will    .....                   (no boots)
Stlth   ++........              (no amulet)
HPRegen 1.00/turn               h - ring of wizardry
MPRegen 0.11/turn               i - +4 ring of evasion

@: no status effects
A: high MP 1, forlorn, divine attributes
a: no special abilities


You were on level 5 of the Dungeon.
You visited 1 branch of the dungeon, and saw 6 of its levels.

You collected 299 gold pieces.
You spent 240 gold pieces at shops.

Inventory:

Hand Weapons
 a - a +2 long sword of holy wrath (weapon)
 b - a +0 sling
 F - a +0 long sword
 G - a +2 dagger of draining
Missiles
 d - 5 throwing nets
 e - a javelin (quivered)
Armour
 c - a +0 helmet (worn)
 m - a +1 robe of resistance
 E - a +0 ring mail
 J - the +0 robe of Fedhas's Hope (worn) {Regen+}
   (You bought it in a shop on level 3 of the Dungeon)

   Regen:     It increases your rate of health regeneration.
Magical Staves
 x - a staff of air
Jewellery
 h - a ring of wizardry (left hand)
 i - a +4 ring of evasion (right hand)
 j - a ring of positive energy
 q - a ring of willpower
 w - a ring of magical power
Scrolls
 f - 2 scrolls of amnesia {unknown}
 g - a scroll of fear {unknown}
 k - 2 scrolls of vulnerability {unknown}
 l - 2 scrolls of magic mapping {unknown}
 o - 3 scrolls of poison {unknown}
 r - 3 scrolls of immolation {unknown}
 u - a scroll of enchant armour {unknown}
 v - a scroll of blinking {unknown}
 y - 3 scrolls of enchant weapon {unknown}
 A - a scroll of summoning
 B - 5 scrolls of teleportation {unknown}
Potions
 n - 4 potions of curing
 p - a potion of resistance
 s - a potion of magic
 t - 3 potions of might
 z - a potion of degeneration
 C - a potion of attraction {unknown}
 D - 3 potions of heal wounds {unknown}
 H - a potion of flight {unknown}
 I - a potion of haste {unknown}
 K - a potion of cancellation {unknown}


   Skills:
 + Level 6.1 Fighting
 + Level 6.3 Long Blades
 - Level 1.7 Throwing
 * Level 3.0 Dodging


You had 6 spell levels left.
You didn't know any spells.
Your spell library contained the following spells:

 Spells                   Type           Power      Damage    Failure   Level
 Gell's Gravitas          Tloc           0%         N/A       41%         3
 Lesser Beckoning         Tloc           0%         N/A       41%         3
 Teleport Other           Tloc           0%         N/A       41%         3


Dungeon Overview and Level Annotations

Branches:
Dungeon (6/15)             Temple (0/1) D:6

Shops:
D:3 ?[*


Innate Abilities, Weirdness & Mutations

You have an increased reservoir of magic. (+10% MP)
You shall have no god before yourself.
Your divine heritage dramatically boosts your attributes as you level up.


Message History

The orc warrior is lightly wounded.
The orc barely misses you.
The orc warrior hits you with a +0 mace!
You closely miss the orc warrior.
The orc warrior is lightly wounded.
The orc closely misses you. The orc warrior completely misses you.
You hit the orc warrior but do no damage.
The orc warrior is lightly wounded.
The orc hits you with a +0 hand axe. The orc warrior closely misses you.
The orc attacks as you move away! The orc hits you with a +0 hand axe.
The orc warrior attacks as you move away!
The orc warrior misses you.
The orc warrior attacks as you move away!
The orc warrior hits you with a +0 mace!!
* * * LOW HITPOINT WARNING * * *
The orc attacks as you move away! The orc closely misses you.
The orc warrior attacks as you move away!
The orc warrior closely misses you. The orc attacks as you move away!
The orc hits you with a +0 hand axe.
* * * LOW HITPOINT WARNING * * *
The orc warrior attacks as you move away!
The orc warrior hits you with a +0 mace.
* * * LOW HITPOINT WARNING * * *
The orc attacks as you move away! The orc hits you with a +0 hand axe.
* * * LOW HITPOINT WARNING * * *
The orc warrior attacks as you move away!
The orc warrior barely misses you. The orc attacks as you move away!
The orc barely misses you.
The orc warrior attacks as you move away!
The orc warrior barely misses you. The orc attacks as you move away!
The orc hits you with a +0 hand axe.
* * * LOW HITPOINT WARNING * * *
The orc warrior attacks as you move away!
The orc warrior hits you with a +0 mace.
* * * LOW HITPOINT WARNING * * *
The orc warrior attacks as you move away!
The orc warrior hits you with a +0 mace.
* * * LOW HITPOINT WARNING * * *
The orc attacks as you move away! The orc hits you with a +0 hand axe.
You die...

........>.##....#................
#.........##.....................
...............................##
........................##..#####
..##.#..#...............##.## #
..##.##.#...............#..## #
#.#............##......###.[# ###
#....#.#.......#.o.....##..####.#
....####......#.@o..........##...
......##......##..........##.....
...#..##.....##...............###
#####..#...####.############### #
#####........##.#
#...............# ♣♣♣♣♣
..............#.# ♣♣...♣♣
.............#### ♣♣.....♣♣
#...........#### ♣♣.......♣♣


You could see an orc warrior and an orc.

Vanquished Creatures
  A sky beast (D:6)
  An ogre (D:6)
  A scorpion (D:6)
  2 howler monkeys
  3 jellies
  2 hounds (D:5)
  6 iguanas
  An orc priest (D:4)
  2 orc wizards
  11 gnolls
  7 adders
  3 white imps
  2 worms (D:2)
  3 dart slugs
  5 orcs
  6 ball pythons
  3 endoplasms
  4 giant cockroaches
  11 goblins
  7 hobgoblins
  6 jackals
  7 kobolds
  2 quokkas
  A bat (D:3)
  2 frilled lizards
  10 rats
109 creatures vanquished.

Vanquished Creatures (others)
  7 fungi (D:6)
7 creatures vanquished.

Grand Total: 116 creatures vanquished

Notes
Turn   | Place    | Note
-------+----------+-------------------------------------------
     0 | D:1      | avis the Demigod Gladiator began the quest for the Orb.
     0 | D:1      | Reached XP level 1. HP: 17/17 MP: 3/3
   287 | D:1      | Reached XP level 2. HP: 23/24 MP: 4/4
   744 | D:2      | Reached XP level 3. HP: 26/29 MP: 5/5
  1104 | D:2      | Reached XP level 4. HP: 36/36 MP: 6/6
  2585 | D:3      | Reached XP level 5. HP: 32/42 MP: 7/7
  2675 | D:3      | Found Nojarill's Assorted Antiques.
  2678 | D:3      | Bought a helmet for 76 gold pieces
  2725 | D:3      | Reached skill level 5 in Long Blades
  2953 | D:3      | Found Doxkar's Antique Armour Shop.
  3240 | D:3      | Found Hut Pur's Magic Scroll Boutique.
  3248 | D:3      | Bought a scroll of identify for 22 gold pieces
  4154 | D:4      | Reached XP level 6. HP: 52/52 MP: 8/8
  4676 | D:5      | Entered Level 5 of the Dungeon
  5635 | D:3      | Bought a tattered robe for 142 gold pieces
  5635 | D:3      | Identified the +0 robe of Fedhas's Hope {Regen+} (You
                  | bought it in a shop on level 3 of the Dungeon)
  5735 | D:6      | Reached skill level 5 in Fighting
  5735 | D:6      | Reached XP level 7. HP: 57/61 MP: 9/9
  5738 | D:6      | Found a staircase to the Ecumenical Temple.
  5971 | D:5      | HP: 3/63 [orc warrior/+0 mace (6)]
  5972 | D:5      | Slain by an orc

Illustrated notes

Levels and vault maps discovered:
D:1:      eino_arrival_water_cross, layout_basic
D:2:      layout_basic, nicolae_elevator_lobby_asterisk
D:3:      layout_loops_corners, hellmonk_ecumenical_altar_leap_of_faith,
          serial_shops, nicolae_shop_trees, shop, nicolae_shop_behind_doors,
          minivault_24
D:4:      nicolae_cairo_tiling_large, layout_cave_pods, corexii_checkpoint_a
D:5:      layout_cave_pools, nicolae_hepliaklqana_ecumenical_no_more,
          fedhas_altar_fruit_tree, corexii_corridor_pit
D:6:      layout_rooms, temple_doors_cd, serial_aquarium,
          aquarium_bridge_long_joined [aquarium_subvault_window,
          aquarium_subvault_wall, aquarium_subvault_window,
          aquarium_subvault_bridge, aquarium_subvault_bridge,
          aquarium_subvault_bridge], aquarium_window_fake, aquarium_window_fake,
          aquarium_window_1, aquarium_view_2a, aquarium_pool_five, uniq_duvessa

Skill      XL: |  1  2  3  4  5  6  7 |
---------------+----------------------+-----
Long Blades    | 3 4 5 6 |  6.3
Fighting       | 2 3 5 6 |  6.1
Dodging        | 3 |  3.0
Throwing       | |  1.7

Action                   |  1- 3 |  4- 6 |  7- 9 || total
-------------------------+-------+-------+-------++-------
Melee: Long sword        |    83 |   208 |    34 ||   325
       Punch             |     1 |     3 |       ||     4
 Fire: Sling             |       |    69 |    16 ||    85
  Use: Scroll            |       |     5 |       ||     5
 Stab: Sleeping          |     2 |     8 |       ||    10
Armor: Leather armour    |     8 |       |       ||     8
       Robe              |    16 |    20 |     4 ||    40
Dodge: Dodged            |    53 |   162 |    43 ||   258

Table legend: (Time is in decaauts)
 A = Elapsed time spent in this place.
 B = Non-inter-level travel time spent in this place.
 C = Inter-level travel time spent in this place.
 D = Time resting spent in this place.
 E = Time spent auto-exploring this place.
 F = Levels seen in this place.
 G = Mean time per level.
                   A        B        C        D        E       F      G
               +--------+--------+--------+--------+--------+-----+--------+
         Total |   6047 |   5465 |    582 |   1288 |   2739 |   6 | 1007.8 |
       Dungeon |   6047 |   5465 |    582 |   1288 |   2739 |   6 | 1007.8 |
               +--------+--------+--------+--------+--------+-----+--------+

Top non-repeatable levels by time:
     D:2: 1943 daAuts
     D:4: 1513 daAuts
     D:3: 965 daAuts
     D:5: 866 daAuts
     D:1: 615 daAuts
     D:6: 143 daAuts
